 Dungeon Crawl Stone Soup version 0.23.2-40-g277498a001 (webtiles) character file.

Game seed: 18038068452689679842

11455 Nivan the Destroyer (level 11, -2/82 HPs)
             Began as a Green Draconian Conjurer on Oct 20, 2019.
             Was a Priest of Vehumet.
             Slain by a large slime creature (32 damage)
             ... on level 12 of the Dungeon.
             The game lasted 01:26:35 (13199 turns).

Nivan the Destroyer (Green Draconian Conjurer)     Turns: 13199, Time: 01:26:36

Health: -2/82      AC: 10    Str: 12    XL:     11   Next: 49%
Magic:  5/34       EV: 14    Int: 20    God:    Vehumet [***...]
Gold:   1048       SH:  0    Dex: 11    Spells: 13/30 levels left

rFire    . . .     SeeInvis .   t - +5 dagger "Rakhlem" {venom, rC+ Str+2 Stlth-}
rCold    + . .     Gourm    .   (no shield)
rNeg     . . .     Faith    .   (armour unavailable)
rPois    +         Spirit   .   (helmet restricted)
rElec    .         Reflect  .   S - scarf {repulsion}
rCorr    .         Harm     .   c - +2 pair of gloves
MR       .....                  (no boots)
Stlth    +.........             k - amulet of magic regeneration
HPRegen  0.23/turn              O - ring of wizardry
MPRegen  0.49/turn              M - ring of magical power

@: repel missiles
A: breathe noxious fumes, unfitting armour, poison resistance, cold-blooded, AC
+7
a: Breathe Noxious Fumes, Renounce Religion


You were on level 12 of the Dungeon.
You worshipped Vehumet.
Vehumet was most pleased with you.
You were hungry.

You visited 3 branches of the dungeon, and saw 14 of its levels.
You also visited: Ossuary.

You collected 1048 gold pieces.

Inventory:

Hand Weapons
 t - the +5 dagger "Rakhlem" (weapon) {venom, rC+ Str+2 Stlth-}
   (You found it on level 4 of the Dungeon)

   It poisons the flesh of those it strikes.
   It affects your strength (+2).
   It protects you from cold.
   It makes you less stealthy.
 u - a +4 dagger of chaos
 w - a +0 vampiric dagger
 y - a +2 scimitar of flaming
Armour
 c - a +2 pair of gloves (worn)
 S - a scarf of repulsion (worn)
Magical Staves
 C - an uncursed staff of conjuration
Jewellery
 k - an amulet of magic regeneration (around neck)
 m - an uncursed ring of flight
 L - an uncursed ring of fire
 M - a ring of magical power (right hand)
 O - a ring of wizardry (left hand)
 R - the ring "Adoisch" {rC+ Str+4}
   (You found it on level 8 of the Dungeon)

   [ring of strength]

   It affects your strength (+4).
   It protects you from cold.
Wands
 d - a wand of digging (3)
 l - a wand of disintegration (15)
 v - a wand of paralysis (1)
 K - a wand of enslavement (9)
 V - a wand of scattershot (6)
Scrolls
 e - 8 scrolls of remove curse
 f - 4 scrolls of fear
 i - 3 scrolls of magic mapping
 o - 2 scrolls of random uselessness
 s - 3 scrolls of enchant armour
 x - 4 scrolls of amnesia
 A - 2 scrolls of enchant weapon
 G - 7 scrolls of teleportation
 Q - a scroll of summoning
Potions
 a - 3 potions of brilliance
 g - a potion of berserk rage
 h - 3 potions of might
 j - 8 potions of heal wounds
 n - a potion of ambrosia
 q - 3 potions of curing
 r - a potion of haste {unknown}
 D - 2 potions of agility
 E - 3 potions of lignification
 F - 3 potions of mutation
 H - a potion of degeneration {unknown}
 I - 2 potions of invisibility
 J - a potion of flight {unknown}
 W - a potion of cancellation {unknown}
Miscellaneous
 B - a sack of spiders
Comestibles
 b - 20 rations


   Skills:
 + Level 3.4 Fighting
 + Level 3.1 Short Blades
 + Level 5.0 Dodging
 + Level 4.2 Stealth
 - Level 0.3 Unarmed Combat
 + Level 10.4 Spellcasting
 + Level 11.6 Conjurations
 + Level 4.2 Translocations
 + Level 0.9 Fire Magic
 + Level 0.3 Ice Magic
 + Level 1.7 Air Magic
 + Level 0.9 Evocations


You had 13 spell levels left.
You knew the following spells:

 Your Spells              Type           Power        Failure   Level  Hunger
a - Magic Dart            Conj           ####         1%          1    None
b - Searing Ray           Conj           ######       1%          2    None
c - Iskenderun's Mystic   Conj           ######..     1%          4    ##.....
d - Force Lance           Conj/Tloc      #####...     1%          4    ##.....
e - Flame Tongue          Conj/Fire      #####        1%          1    None
f - Throw Icicle          Conj/Ice       ####....     1%          4    ##.....
g - Shock                 Conj/Air       ####         1%          1    None

Your spell library contained the following spells:

 Spells                   Type           Power        Failure   Level  Hunger
 Mephitic Cloud           Conj/Pois/Air  ####....     1%          3    None
 Freeze                   Ice            ##..         1%          1    None
 Throw Frost              Conj/Ice       ####..       1%          2    None
 Dazzling Spray           Conj/Hex       ####..       1%          3    None
 Fulminant Prism          Conj/Hex       ####......   1%          4    ##.....
 Ozocubu's Armour         Chrm/Ice       ##......     8%          3    None
 Summon Ice Beast         Ice/Summ       ##......     24%         4    ##.....


Dungeon Overview and Level Annotations

Branches:
Dungeon (12/15)            Temple (1/1) D:5            Lair (1/6) D:9
    Orc (0/2) D:11

Altars:
Ashenzari
Cheibriados
Dithmenos
Elyvilon
Fedhas
Gozag
Hepliaklqana
Kikubaaqudgha
Makhleb
Nemelex Xobeh
Okawaru
Qazlal
Ru
Sif Muna
Trog
Uskayaw
Vehumet
Wu Jian
Xom
Yredelemnul
Zin
The Shining One
Lugonu

Shops:
D:5 %

Portals:
Trove: D:11 (give 21 scrolls of identify)

Annotations:
D:4 2 transporters
D:6 2 transporters, BushDid911's ghost, novice TeFi
D:10 1 runed translucent door, Curus's ghost, journeyman MfTm


Innate Abilities, Weirdness & Mutations

You can breathe blasts of noxious fumes.
Your lurid green scales are hard. (AC +7)
You cannot fit into any form of body armour.
Your system is resistant to poisons. (rPois)
You are cold-blooded and may be slowed by cold attacks.


Message History

The orb of energy hits the large slime creature!!
The large slime creature is severely wounded.
A large slime creature splits.
The large slime creature hits you!!
Casting: Iskenderun's Mystic Blast (safe; 1% risk of failure)
Confirm with . or Enter, or press ? or * to list all spells.
Aiming: Iskenderun's Mystic Blast (safe; 1% risk of failure)
Press: ? - help, Shift-Dir - straight line, f/p - large slime creature
Aim: a large slime creature (severely wounded)
The orb of energy hits the large slime creature!!
The large slime creature is almost dead.
The orb of energy explodes!
The slime creature hits you! The large slime creature hits you!!
* * * LOW HITPOINT WARNING * * *
The slime creature completely misses you.
The slime creature hits you!
* * * LOW HITPOINT WARNING * * *
The slime creature misses you.
Okay, then.
You feel much better. The large slime creature hits you!!
You die...

##########################
..........................
.........รท..#......#......
............#.............
............#..JJ.........
...............J@.<.......
..........................
..........................
##.........###############
.'.........# .#..#####..#
.#..# #..# .#..# #..# .#..#
#..#


You could see a large slime creature and 2 slime creatures.

Vanquished Creatures
  Erica (D:10)
  3 two-headed ogres
  Pikel (D:5)
  Joseph (D:7)
  Psyche (D:10)
  2 centaur skeletons
  A kobold demonologist (D:11)
  2 trolls
  A slime creature (D:12)
  2 hippogriffs
  2 wyverns (D:10)
  A spriggan (D:10)
  A steam dragon (D:10)
  A basilisk (D:11)
  2 hungry ghosts
  An ice beast (D:10)
  A sky beast (D:11)
  6 orc warriors
  2 slaves (D:5)
  5 phantoms
  A necrophage (D:9)
  8 centaurs
  2 ogres
  A big kobold (D:11)
  6 bullfrogs
  A wyvern skeleton (D:9)
  4 scorpions
  3 wights (D:11)
  6 howler monkeys
  A bullfrog zombie (D:4)
  4 crimson imps
  A centaur zombie (D:4)
  2 jellies
  8 orc priests
  3 hounds
  16 orc wizards
  4 bullfrog skeletons
  4 iguanas
  9 worker ants
  A gnoll shaman (D:7)
  A killer bee zombie (D:8)
  A big kobold zombie (Ossuary)
  A hound zombie (D:8)
  A hound skeleton (D:5)
  3 worker ant zombies
  A howler monkey zombie (D:4)
  8 mummies (Ossuary)
  Robin (D:3)
  15 adders
  2 howler monkey skeletons
  3 gnolls (D:7)
  4 shadow imps
  An ooze (D:3)
  5 adder zombies
  4 leopard geckos
  34 orcs
  A ball python (D:3)
  7 bats
  8 giant cockroaches
  A gnoll zombie (Ossuary)
  14 goblins
  11 hobgoblins
  15 jackals
  2 quokkas
  7 frilled lizards
  A giant cockroach zombie (D:4)
  2 hobgoblin zombies (Ossuary)
  12 kobolds
  2 kobold zombies (Ossuary)
  A leopard gecko zombie (D:4)
  2 orc zombies (Ossuary)
  9 rats
302 creatures vanquished.

Vanquished Creatures (others)
  A quasit (D:10)
  An orc wizard (D:3)
  A giant cockroach (D:5)
  4 jackals (D:5)
  A withered plant (D:4)
8 creatures vanquished.

Grand Total: 310 creatures vanquished

Notes
Turn   | Place    | Note
-------+----------+-------------------------------------------
     0 | D:1      | Nivan the Draconian Conjurer began the quest for the Orb.
     0 | D:1      | Reached XP level 1. HP: 14/14 MP: 3/3
    96 | D:1      | Reached XP level 2. HP: 19/20 MP: 0/5
   446 | D:1      | Learned a level 2 spell: Searing Ray
   482 | D:1      | Reached XP level 3. HP: 26/26 MP: 2/6
  1311 | D:2      | Reached skill level 5 in Conjurations
  1316 | D:2      | Reached XP level 4. HP: 31/33 MP: 0/7
  2478 | D:3      | Reached XP level 5. HP: 38/38 MP: 7/9
  2523 | D:3      | Found an ornate altar of the Wu Jian Council.
  2559 | D:3      | Found an iron altar of Okawaru.
  2560 | D:3      | Noticed Robin
  2850 | D:3      | Found a hide-covered altar of Uskayaw.
  2897 | D:3      | Killed Robin
  3137 | D:3      | Found a shadowy altar of Dithmenos.
  3177 | D:4      | Found a shattered altar of Ashenzari.
  3183 | D:4      | Found a transporter.
  3437 | D:4      | Found a transporter.
  3482 | D:4      | Reached XP level 6. HP: 46/46 MP: 0/11
  3701 | D:4      | Found an opulent altar of Gozag.
  3733 | D:4      | Got a translucent dagger
  3734 | D:4      | Identified the +5 dagger "Rakhlem" {venom, rC+ Str+2
                  | Stlth-} (You found it on level 4 of the Dungeon)
  3860 | D:4      | Reached skill level 6 in Conjurations
  4180 | D:4      | Found a stormy altar of Qazlal.
  4478 | D:5      | Entered Level 5 of the Dungeon
  4511 | D:5      | Your scales start taking on a lurid green colour.
  4511 | D:5      | Reached XP level 7. HP: 26/51 MP: 8/13
  4511 | D:5      | Gained mutation: Your system is resistant to poisons.
                  | (rPois) [Green Draconian growth]
  4513 | D:5      | Reached skill level 1 in Fighting
  4610 | D:5      | Found a white marble altar of Elyvilon.
  4625 | D:5      | Found a staircase to the Ecumenical Temple.
  4643 | Temple   | Entered the Ecumenical Temple
  4898 | D:5      | Noticed Pikel
  4911 | D:5      | Killed Pikel
  4911 | D:5      | Reached skill level 1 in Short Blades
  4911 | D:5      | Reached skill level 5 in Spellcasting
  4911 | D:5      | Reached skill level 7 in Conjurations
  4911 | D:5      | Reached XP level 8. HP: 34/59 MP: 6/16
  4926 | D:5      | Found a sand-covered staircase.
  4933 | Ossuary  | Entered an ossuary
  5481 | D:5      | Found Rosi's Food Shop.
  5900 | D:6      | Noticed BushDid911's ghost (novice TeFi)
  5905 | D:6      | Noticed a hornet
  5918 | D:6      | Found a transporter.
  5923 | D:6      | Found a transporter.
  6849 | D:6      | Learned a level 4 spell: Iskenderun's Mystic Blast
  7079 | D:6      | Reached skill level 8 in Conjurations
  7092 | D:6      | Reached XP level 9. HP: 47/67 MP: 8/19
  7158 | D:6      | Found a burning altar of Makhleb.
  7341 | D:6      | Found a radiant altar of Vehumet.
  7349 | D:6      | Became a worshipper of Vehumet
  8060 | D:7      | Noticed Joseph
  8356 | D:6      | Learned a level 4 spell: Force Lance
  8547 | D:7      | HP: 2/67 [Joseph/sling bullet (20)]
  8861 | D:7      | Killed Joseph
  8861 | D:7      | Reached skill level 9 in Conjurations
  8930 | D:7      | Reached skill level 1 in Translocations
  9812 | D:8      | Got a scorched copper ring
 10035 | D:8      | Reached * piety under Vehumet
 10035 | D:8      | Offered knowledge of Flame Tongue by Vehumet.
 10043 | D:8      | Learned a level 1 spell: Flame Tongue
 10054 | D:9      | Reached XP level 10. HP: 67/73 MP: 22/22
 10084 | D:9      | Found a staircase to the Lair.
 10176 | D:9      | Found a sacrificial altar of Ru.
 10177 | D:9      | Noticed a two-headed ogre
 10210 | D:9      | Killed a two-headed ogre
 10220 | D:9      | Reached skill level 10 in Conjurations
 10413 | D:9      | Noticed a two-headed ogre
 10428 | D:9      | Killed a two-headed ogre
 10557 | D:9      | Found a sparkling altar of Nemelex Xobeh.
 10774 | Lair:1   | Entered Level 1 of the Lair of Beasts
 10794 | D:10     | Entered Level 10 of the Dungeon
 10828 | D:10     | Identified the ring "Adoisch" {rC+ Str+4} (You found it on
                  | level 8 of the Dungeon)
 10852 | D:10     | Noticed Psyche
 10857 | D:10     | Killed Psyche
 10889 | D:10     | Found a runed translucent door.
 10955 | D:10     | Noticed Erica
 11123 | D:10     | Paralysed by Erica for 3 turns
 11127 | D:10     | Paralysed by Erica for 7 turns
 11138 | D:10     | Killed Erica
 11138 | D:10     | Reached XP level 11. HP: 53/82 MP: 22/24
 11147 | D:10     | Offered knowledge of Shock by Vehumet.
 11153 | D:10     | Learned a level 4 spell: Throw Icicle
 11155 | D:10     | Learned a level 1 spell: Shock
 11207 | D:10     | Noticed Curus's ghost (journeyman MfTm)
 11275 | D:10     | Reached ** piety under Vehumet
 11278 | D:10     | Noticed a two-headed ogre
 11284 | D:10     | Killed a two-headed ogre
 11284 | D:10     | Reached skill level 11 in Conjurations
 11624 | D:10     | Reached skill level 1 in Air Magic
 11626 | D:10     | Reached skill level 10 in Spellcasting
 12212 | D:11     | Offered knowledge of Mephitic Cloud by Vehumet.
 12239 | D:11     | Found a portal to a secret trove of treasure.
 12296 | D:11     | Reached *** piety under Vehumet
 12813 | D:11     | Found a staircase to the Orcish Mines.
 12902 | D:12     | Reached skill level 5 in Dodging
 13199 | D:12     | Slain by a large slime creature

Skill      XL: |  1  2  3  4  5  6  7  8  9 10 11 |
---------------+----------------------------------+-----
Dodging        | 2 3 4 5 |  5.0
Stealth        | 2 3 4 |  4.2
Conjurations   | 5 6 7 8 9 10 11 | 11.6
Spellcasting   | 3 4 5 6 8 9 10 | 10.4
Fighting       | 1 2 3 |  3.4
Short Blades   | 1 2 3 |  3.1
Translocations | 2 4 |  4.2
Air Magic      | 1 |  1.7
Unarmed Combat | |  0.3
Fire Magic     | |  0.9
Ice Magic      | |  0.3
Evocations     | |  0.9

Action                   |  1- 3 |  4- 6 |  7- 9 | 10-12 || total
-------------------------+-------+-------+-------+-------++-------
Melee: Unarmed           |    86 |    60 |       |       ||   146
       Tailslap          |    16 |     4 |    14 |    10 ||    44
       Dagger            |       |    20 |    95 |    43 ||   158
 Cast: Magic Dart        |    57 |   117 |   317 |    78 ||   569
       Searing Ray       |     4 |     8 |    15 |     8 ||    35
       Iskenderun's Myst |       |       |    19 |    80 ||    99
       Force Lance       |       |       |    17 |    65 ||    82
       Flame Tongue      |       |       |     5 |    17 ||    22
       Shock             |       |       |       |    33 ||    33
       Throw Icicle      |       |       |       |     7 ||     7
 Abil: Breathe Noxious F |       |       |     4 |       ||     4
       Evoke Flight      |       |       |     1 |       ||     1
Evoke: Wand              |       |       |     4 |       ||     4
  Use: Scroll            |       |       |    17 |     5 ||    22
       Potion            |       |       |       |     1 ||     1
 Stab: Distracted        |     1 |       |       |       ||     1
       Confused          |       |       |     1 |       ||     1
  Eat: Chunk             |     2 |    11 |    14 |    15 ||    42
       Ration            |       |       |     2 |     1 ||     3
Armor: Skin              |    39 |    45 |    63 |    37 ||   184
Dodge: Dodged            |    51 |    72 |   137 |    60 ||   320
       Deflected         |       |       |       |     2 ||     2
